 Dungeon Crawl Stone Soup version 0.29.1-15-g9cfb28693d (webtiles) character file.

Game seed: 16683249179433085999

3121 nattipoika the Cleaver (level 9, -2/79 HPs)
             Began as a Minotaur Berserker on Mar 25, 2023.
             Was a Believer of Trog.
             Slain by a sky beast (6 damage)
             ... on level 7 of the Dungeon.
             The game lasted 01:26:21 (5974 turns).

nattipoika the Cleaver (Minotaur Berserker)         Turns: 5974, Time: 01:26:21

Health: -2/79      AC: 12    Str: 26    XL:     9   Next: 60%
Magic:  2/2        EV: 13    Int:  7    God:    Trog [**....]
Gold:   319        SH:  4    Dex: 10    Spells: 8/8 levels left

rFire   . . .      SeeInvis .   y - +3 war axe "Yseinid" {antimagic, Int+3}
rCold   . . .      Faith    .   o - +0 buckler
rNeg    . . .      Spirit   .   K - +0 chain mail
rPois   .          Reflect  .   (helmet restricted)
rElec   .          Harm     .   (no cloak)
rCorr   .          Rampage  .   (no gloves)
Will    ++...                   G - +0 pair of boots
Stlth   ..........              (no amulet)
HPRegen 1.23/turn               v - +4 ring of evasion
MPRegen 0.08/turn               (no ring)

@: mighty, strong-willed, on berserk cooldown, regenerating, slowed, very slow
A: horns 2, retaliatory headbutt
a: Renounce Religion, Berserk, Trog's Hand


You were on level 7 of the Dungeon.
You worshipped Trog.
Trog was pleased with you.
You visited 1 branch of the dungeon, and saw 7 of its levels.

You collected 452 gold pieces.
You spent 133 gold pieces at shops.

Inventory:

Hand Weapons
 a - a +5 hand axe
 e - a +2 vampiric scythe
 j - a +0 spear
 n - a +0 club
 p - a +0 short sword
 y - the +3 war axe "Yseinid" (weapon) {antimagic, Int+3}
   (You found it on level 6 of the Dungeon)

   It reduces the magical energy of the wielder, and disrupts the spells and
   magical abilities of those it strikes.
   Natural abilities and divine invocations are not affected.
   Int:       It affects your intelligence (+3).
 I - a +0 flail
 J - a +0 long sword
 O - a +0 falchion
 Q - a +0 trident
Missiles
 k - 8 poisoned darts (quivered)
Armour
 b - a +0 animal skin
 g - a +0 robe
 o - a +0 buckler (worn)
 q - a +0 leather armour
 w - a +0 ring mail
 E - +0 acid dragon scales
 G - a +0 pair of boots (worn)
 K - a +0 chain mail (worn)
Jewellery
 v - a +4 ring of evasion (left hand)
 A - a ring of fire
 N - a ring of protection from cold
 P - a ring of flight
Wands
 r - a wand of digging (2)
Scrolls
 c - a scroll of fear
 h - 5 scrolls of teleportation
 i - a scroll of vulnerability
 m - a scroll of amnesia
 u - 2 scrolls of identify
 x - a scroll of magic mapping {unknown}
 D - 2 scrolls of blinking
 F - 2 scrolls of poison
 H - a scroll of butterflies {unknown}
 L - a scroll of noise {unknown}
 R - 2 scrolls of enchant armour {unknown}
Potions
 d - a potion of brilliance
 f - 2 potions of flight
 l - a potion of resistance
 s - a potion of attraction {unknown}
 t - a potion of invisibility
 z - 2 potions of might
 B - 2 potions of curing {unknown}
 C - a potion of degeneration {unknown}


   Skills:
 + Level 7.2 Fighting
 + Level 11.4 Axes
 + Level 8.5 Armour
 + Level 4.1 Dodging
 + Level 1.5 Stealth
 + Level 3.6 Shields


You had 8 spell levels left.
You didn't know any spells.
Your spell library was empty.

Dungeon Overview and Level Annotations

Branches:
Dungeon (7/15)
 Temple: D:4-7

Altars:
Dithmenos

Shops:
D:2 :   D:4 ?

Annotations:
D:6 3 runed translucent doors, Descartes's ghost, novice FeMo; shealacz's ghost, amateur HOFE


Innate Abilities, Weirdness & Mutations

You have a pair of horns on your head.
You reflexively headbutt those who attack you in melee.


Message History

Something shocks you.
The gnoll sergeant hits you but does no damage.
You block the orc's attack.
A sky beast appears from thin air!
Reactivating autopickup.
You block the sky beast's attack.
The gnoll sergeant hits you but does no damage.
You slash the orc!
You kill the orc!
Trog accepts your kill.
You closely miss the sky beast.
The sky beast flickers out of sight!
Deactivating autopickup; reactivate with Ctrl-A.
Something hits you but does no damage. The gnoll sergeant barely misses you.
You miss something. Your headbutt misses something.
A sky beast appears from thin air!
Reactivating autopickup.
You block the sky beast's attack.
The gnoll sergeant hits you from afar with a +0 trident.
The sky beast hits you but does no damage.
You miss the sky beast.
The sky beast is lightly wounded.
The gnoll sergeant hits you but does no damage.
A shadow imp comes into view.
The sky beast closely misses you.
The gnoll sergeant hits you from afar with a +0 trident!
* * * LOW HITPOINT WARNING * * *
Your skin crawls.
You feel strong-willed. You block the sky beast's attack.
The gnoll sergeant barely misses you. The sky beast closely misses you.
You closely miss the sky beast.
The sky beast is lightly wounded.
You hit the shadow imp.
The shadow imp's magic leaks into the air.
The gnoll sergeant hits you from afar with a +0 trident!
* * * LOW HITPOINT WARNING * * *
The shadow imp hits you but does no damage.
The sky beast hits you.
* * * LOW HITPOINT WARNING * * *
The sky beast shocks you.
You die...

.##### yY .....# .#
..##..>. ### ##.##
### .## .[
♣...♣...♣...♣ .#
♣..(#†..♣ ......
♣♣♣#?#♣♣♣ ...##.
♣..g#†..♣ ..##
♣...♣Y5.♣...♣ ...#
#######@..######
.....
.................
.##...
.........#####... .#
#.. ######...# ##.##
####### ###.###
#..... #.....#
####..### #
#.###.###....)..##.#
#. #.....##..#.....


You could see a sky beast, a gnoll sergeant and a shadow imp (magic disrupted).

Vanquished Creatures
  Pikel (D:5)
  A cyclops (D:7)
  Sigmund (D:5)
  A wyvern (D:7)
  A steam dragon (D:7)
  An acid dragon (D:6)
  A black bear (D:6)
  2 ice beasts
  A sky beast (D:7)
  A phantom (D:7)
  2 lemures (D:5)
  Blork the orc (D:5)
  4 bullfrogs
  A scorpion (D:5)
  2 necrophages
  A killer bee (D:7)
  2 howler monkeys
  3 orc priests (D:4)
  3 hounds
  4 jellies
  Jessica (D:3)
  An iguana (D:6)
  5 orc wizards
  Robin (D:3)
  10 adders
  A shadow imp (D:6)
  2 white imps (D:6)
  2 ufetubi
  4 dart slugs
  24 orcs
  3 bats
  5 endoplasms
  6 giant cockroaches
  9 goblins
  11 hobgoblins
  2 jackals (D:1)
  2 quokkas
  6 ball pythons
  A frilled lizard (D:3)
  7 kobolds
  7 rats
144 creatures vanquished.

Vanquished Creatures (others)
  4 fungi (D:5)
  3 toadstools (D:5)
7 creatures vanquished.

Grand Total: 151 creatures vanquished

Notes
Turn   | Place    | Note
-------+----------+-------------------------------------------
     0 | D:1      | nattipoika the Minotaur Berserker began the quest for the
                  | Orb.
     0 | D:1      | Reached XP level 1. HP: 19/19 MP: 0/0
   541 | D:1      | Reached XP level 2. HP: 27/27 MP: 1/1
   599 | D:1      | Reached skill level 4 in Axes
  1041 | D:2      | Reached XP level 3. HP: 34/34 MP: 2/2
  1083 | D:2      | Found Neaqereo's Book Shoppe.
  1091 | D:2      | Reached ** piety under Trog
  1686 | D:3      | Noticed Robin
  1856 | D:3      | Killed Robin
  1857 | D:3      | Reached XP level 4. HP: 41/41 MP: 3/3
  1859 | D:3      | Reached skill level 5 in Axes
  2328 | D:3      | Noticed Jessica
  2334 | D:3      | Killed Jessica
  2335 | D:3      | Reached XP level 5. HP: 43/47 MP: 4/4
  2546 | D:4      | Found Ciron's Magic Scroll Boutique.
  2553 | D:4      | Bought a scroll of identify for 28 gold pieces
  2553 | D:4      | Bought a scroll of enchant weapon for 105 gold pieces
  2739 | D:4      | Reached skill level 6 in Axes
  2809 | D:4      | Reached skill level 5 in Fighting
  2809 | D:4      | Reached XP level 6. HP: 56/56 MP: 5/5
  2829 | D:4      | Reached *** piety under Trog
  3881 | D:5      | Entered Level 5 of the Dungeon
  3946 | D:5      | Reached skill level 7 in Axes
  3946 | D:5      | Reached XP level 7. HP: 61/61 MP: 6/6
  4001 | D:5      | Reached skill level 1 in Stealth
  4099 | D:5      | Noticed Blork the orc
  4111 | D:5      | Killed Blork the orc
  4112 | D:5      | Reached skill level 1 in Shields
  4136 | D:5      | Reached skill level 8 in Axes
  4295 | D:5      | Noticed Pikel
  4313 | D:5      | Killed Pikel
  4314 | D:5      | Reached skill level 9 in Axes
  4314 | D:5      | Reached skill level 5 in Armour
  4314 | D:5      | Reached XP level 8. HP: 70/70 MP: 7/7
  4318 | D:5      | Noticed Sigmund
  4346 | D:5      | Killed Sigmund
  5034 | D:6      | Found a runed translucent gate.
  5034 | D:6      | Found a runed translucent gate.
  5034 | D:6      | Found a runed translucent gate.
  5034 | D:6      | Noticed Descartes's ghost (novice FeMo)
  5037 | D:6      | Noticed shealacz's ghost (amateur HOFE)
  5108 | D:6      | Reached skill level 10 in Axes
  5528 | D:6      | Identified the +3 war axe "Yseinid" {antimagic, Int+3}
  5616 | D:6      | Reached XP level 9. HP: 78/78 MP: 2/8
  5728 | D:7      | Found a shadowy altar of Dithmenos.
  5952 | D:7      | Noticed a cyclops
  5953 | D:7      | Reached skill level 11 in Axes
  5958 | D:7      | Killed a cyclops
  5974 | D:7      | Slain by a sky beast

Illustrated notes

Levels and vault maps discovered:
D:1:      dpeg_arrival_rhombi, layout_basic, minmay_small_reverse_x
D:2:      layout_basic, serial_shops, nicolae_diamond_shop, minmay_crystal_room
D:3:      layout_basic, minmay_quadrilaterals, uniq_jessica, uniq_robin
D:4:      layout_cave_pods, serial_shops, shop
D:5:      layout_rooms, minmay_gold_behind_fungi, minivault_26, uniq_sigmund,
          uniq_blork_the_orc, uniq_pikel
D:6:      layout_loops_cross, gammafunk_ghost_cemetery,
          chequers_serial_rivers_small_3
D:7:      nzn_winding_woodlands_small [nzn_winding_woodlands_5x15_crooked,
          nzn_winding_woodlands_center_pierced_h,
          nzn_winding_woodlands_5x15_twine], layout_loops_cross,
          mainiacjoe_overflow_24_doors, nicolae_dithmenos_shadow_blocks,
          minmay_temple_entry_water_ring, minmay_misc_feat_pillars,
          chequers_avenue, uniq_menkaure, uniq_duvessa

Skill      XL: |  1  2  3  4  5  6  7  8  9 |
---------------+----------------------------+-----
Fighting       | 4 5 6 7 |  7.2
Axes           | 4 5 6 7 9 10 11 | 11.4
Armour         | 3 4 5 7 8 |  8.5
Dodging        | 3 4 |  4.1
Stealth        | 1 |  1.5
Shields        | 1 2 3 |  3.6

Action                   |  1- 3 |  4- 6 |  7- 9 || total
-------------------------+-------+-------+-------++-------
Melee: Hand axe          |    50 |    91 |    92 ||   233
       Headbutt          |    11 |     6 |    27 ||    44
       War axe           |       |       |    59 ||    59
Invok: Trog's Hand       |     1 |     1 |    11 ||    13
       Berserk           |     1 |     1 |     8 ||    10
  Use: Scroll            |     2 |     6 |     8 ||    16
       Potion            |       |     1 |     5 ||     6
Armor: Leather armour    |     5 |       |       ||     5
       Animal skin       |     2 |       |       ||     2
       Ring mail         |     9 |    11 |       ||    20
       Chain mail        |       |    25 |    71 ||    96
Dodge: Dodged            |    43 |    47 |    96 ||   186
Block: Buckler           |     2 |     6 |    30 ||    38
